AoeStats
← EclipC

Arena

505248591Analyzed
1v1 RM · 23d ago on Sep 8, 2026· 53m 4s· 2 players
Game mode
Random Map
Map size
Tiny (2 player)
Population
200
Speed
Normal
Resources
Standard
Victory
Conquest
Starting age
Dark Age
Ending age
Imperial Age
RankedLock teamsTeams togetherTeam positionsShared explorationLock speedFull tech treeHidden civsTurbo modeCheats
Victory
Defeat
🇦🇷 Teutons · Argentina
1261
+15
🇳🇱 Burgundians · Netherlands
1230
-15
EclipC
11:00 Feudal Age
14:59 Castle Age
12:48 Double-Bit Axe
14:13 Horse Collar
16:02 Bow Saw
21:27 Wheelbarrow
22:34 Loom
24:03 Heavy Plow
25:35 Hand Cart
26:14 Stone Mining
26:46 Scale Barding Armor
27:33 Bloodlines
27:37 Forging
30:20 Imperial Age
29:06 Chain Barding Armor
29:00 Town Watch
31:10 Iron Casting
32:40 Chemistry
31:19 Cavalier
33:32 Paladin
38:27 Scale Mail Armor
43:01 Conscription
44:53 Plate Barding Armor
45:19 Blast Furnace
46:18 Siege Engineers
48:16 Chain Mail Armor
51:39 Crop Rotation
50:31 Elite Teutonic Knight
willieniet
3:23 Double-Bit Axe
6:52 Horse Collar
11:38 Feudal Age
15:24 Castle Age
14:17 Bow Saw
16:15 Wheelbarrow
16:27 Arson
16:57 Squires
18:25 Loom
24:14 Heavy Plow
25:44 Two-Man Saw
24:43 Stone Mining
26:24 Crop Rotation
26:13 Hand Cart
27:11 Town Watch
27:32 Gold Mining
28:05 Scale Mail Armor
28:16 Forging
27:30 Pikeman
28:01 Arson
29:19 Chain Mail Armor
29:31 Fortified Wall
29:42 Ballistics
29:33 Masonry
30:12 Iron Casting
29:29 Fletching
33:25 Imperial Age
31:48 Padded Archer Armor
32:30 Guilds
32:24 Bodkin Arrow
32:44 Husbandry
32:05 Light Cavalry
32:06 Cavalier
33:25 Burgundian Vineyards
33:27 Capped Ram
35:11 Blast Furnace
35:30 Chemistry
36:15 Plate Mail Armor
42:46 Hoardings
45:00 Gold Shaft Mining
45:18 Leather Archer Armor
45:04 Bracer
45:10 Scale Barding Armor
46:44 Hussar
52:26 Chain Barding Armor
Connection lost

Rejoining the realm…

Still unreachable

The connection could not be restored.

Session expired

The server has moved on; the page needs a fresh start.